 Dungeon Crawl Stone Soup version 0.29-a0-973-gac7da5f7f0 (webtiles) character file.

Game seed: 2378858158789470046

1477 xian the Poker (level 8, -1/70 HPs)
             Began as a Minotaur Fighter on Aug 1, 2022.
             Was an Initiate of Wu Jian.
             Slain by an orc warrior
             ... wielding a +0 short sword
              (11 damage)
             ... on level 6 of the Dungeon.
             The game lasted 00:12:30 (5528 turns).

xian the Poker (Minotaur Fighter)                   Turns: 5528, Time: 00:12:31

Health: -1/70      AC: 10    Str: 24    XL:     8   Next: 49%
Magic:  7/7        EV: 10    Int:  5    God:    Wu Jian [......]
Gold:   302        SH:  5    Dex:  9    Spells: 7/7 levels left

rFire   x . .      SeeInvis .   q - +4 trident (spect)
rCold   + . .      Faith    .   c - +0 buckler
rNeg    . . .      Spirit   .   b - +0 scale mail
rPois   .          Reflect  .   (helmet restricted)
rElec   .          Harm     .   f - +1 cloak {rCorr}
rCorr   +          Rampage  .   (no gloves)
Will    .....                   (no boots)
Stlth   ..........              (no amulet)
HPRegen 0.21/turn               k - ring of ice
MPRegen 0.10/turn               n - ring of flight

@: flying
A: horns 2, retaliatory headbutt
a: Renounce Religion


You were on level 6 of the Dungeon.
You worshipped Wu Jian.
Wu Jian was noncommittal.
You visited 2 branches of the dungeon, and saw 7 of its levels.

You collected 302 gold pieces.

Inventory:

Hand Weapons
 q - a +4 spectral trident (weapon)
Missiles
 e - 2 throwing nets
 u - 3 poisoned darts (quivered)
Armour
 b - a +0 scale mail (worn)
 c - a +0 buckler (worn)
 f - a +1 cloak of preservation (worn)
 o - the +0 robe of Bad Feelings {+Inv Int+4 Slay-5}
   (You found it on level 2 of the Dungeon)

   Int:       It affects your intelligence (+4).
   Slay:      It affects your accuracy & damage with ranged weapons and melee
   (-5).
   +Inv:      It lets you turn invisible.
Jewellery
 h - a ring of protection from cold
 k - a ring of ice (left hand)
 n - a ring of flight (right hand)
Wands
 a - a wand of flame (18)
Scrolls
 p - 2 scrolls of brand weapon
 r - a scroll of enchant weapon
 s - 2 scrolls of identify
 t - a scroll of teleportation {unknown}
 v - a scroll of fear {unknown}
 w - a scroll of enchant armour {unknown}
 x - a scroll of immolation {unknown}
Potions
 d - 2 potions of might
 g - 4 potions of attraction {unknown}
 i - 7 potions of heal wounds
 j - 3 potions of curing
 l - 3 potions of mutation {unknown}
 m - a potion of haste {unknown}


   Skills:
 + Level 5.9 Fighting
 + Level 4.4 Maces & Flails
 + Level 7.3 Polearms
 + Level 7.0 Armour
 + Level 2.5 Dodging
 + Level 1.0 Stealth
 + Level 5.6 Shields


You had 7 spell levels left.
You didn't know any spells.
Your spell library contained the following spells:

 Spells                   Type           Power      Damage    Failure   Level
 Conjure Flame            Conj/Fire      0%         6-21      99%         3
 Ignite Poison            Fire/Tmut/Pois 0%         N/A       99%         3
 Mephitic Cloud           Conj/Pois/Air  0%         N/A       99%         3
 Ozocubu's Armour         Ice            0%         N/A       99%         3
 Olgreb's Toxic Radiance  Pois           0%         N/A       100%        4
 Sticky Flame             Conj/Fire      0%         2d3       100%        4
 Freezing Cloud           Conj/Ice/Air   0%         6-21      100%        5
 Metabolic Englaciation   Hex/Ice        0%         N/A       100%        5
 Simulacrum               Ice/Necr       0%         N/A       100%        6
 Ozocubu's Refrigeration  Ice            0%         4d5       100%        7
 Ignition                 Fire           0%         3d3       100%        8


Dungeon Overview and Level Annotations

Branches:
Dungeon (6/15)             Temple (1/1) D:5

Altars:
Fedhas
Kikubaaqudgha
Makhleb
Trog
Wu Jian
Xom
Yredelemnul
Zin

Shops:
D:2 (![[

Annotations:
D:3 2 transporters


Innate Abilities, Weirdness & Mutations

You have a pair of horns on your head.
You reflexively headbutt those who attack you in melee.


Message History

You block the orc's attack.
You hear some strange, mumbled words.
Something tries to affect you, but you resist.
The orc priest mumbles some strange prayers to Beogh against you.
Pain shoots through your body! You block the orc warrior's attack.
You block the orc's attack.
As you read the scroll labelled CEPO ATWIGUTYN, it crumbles to dust.
It is a scroll of brand weapon.
Your +4 trident acquires a faint afterimage.
q - a +4 spectral trident (weapon)
The orc barely misses you. Something hits you but does no damage.
The orc priest hits you with a +0 hand axe.
You block the orc warrior's attack. The orc hits you but does no damage.
You puncture the orc priest!
The orc priest is almost dead.
Your +4 spectral trident hits the orc priest!!
You kill the orc priest!
The Council accepts your kill. The orc hits you but does no damage.
You block the orc warrior's attack.
You hear some strange, mumbled words.
A magic dart appears from out of thin air!
The magic dart hits you.
* * * LOW HITPOINT WARNING * * *
The orc hits you but does no damage.
Unknown command.
You hit the orc. Your headbutt misses the orc.
The orc is heavily wounded.
Your +4 spectral trident hits the orc from afar!
You kill the orc!
The Council accepts your kill. Something hits you but does no damage.
The orc warrior hits you with a +0 short sword!
* * * LOW HITPOINT WARNING * * *
The orc hits you but does no damage.
You puncture the orc!
You kill the orc!
The Council accepts your kill. You block the orc's attack.
Something hits you but does no damage.
The orc warrior hits you with a +0 short sword!
You die...

.. .. .# ... .##...
######......
##.##......##.
#.<........#..
#......##.....
##..o§..#.....
#..{@)##.....
####....#)o.......
##.....####).#.....
.#....#####.)###....
......###o#....##...
#>...o.o...........
#......>..........
##...o####.......#
##.).# #.......#


You could see an orc warrior and an orc.

Vanquished Creatures
  The ghost of zeratav the Stinger, an amateur OpVM (D:4)
  Sigmund (D:4)
  An ice beast (D:5)
  A gnoll sergeant (D:6)
  A necrophage (D:5)
  A water moccasin zombie (D:4)
  6 wights (D:4)
  3 hounds
  A human zombie (D:4)
  3 orc priests
  Jessica (D:3)
  An iguana (D:5)
  2 orc wizards
  A hound zombie (D:4)
  4 mummies (D:4)
  7 gnolls
  An adder (D:4)
  A white imp (D:6)
  3 adder zombies (D:4)
  2 worms
  4 dart slugs
  13 orcs
  8 ball pythons
  5 bats
  6 endoplasms
  6 giant cockroaches
  10 hobgoblins
  4 jackals (D:2)
  5 kobolds
  5 quokkas
  5 frilled lizards
  3 goblins
  7 rats
123 creatures vanquished.

Notes
Turn   | Place    | Note
-------+----------+-------------------------------------------
     0 | D:1      | xian the Minotaur Fighter began the quest for the Orb.
     0 | D:1      | Reached XP level 1. HP: 19/19 MP: 0/0
   272 | D:1      | Reached XP level 2. HP: 23/27 MP: 1/1
   801 | D:2      | Found Sashrolaa's Antique Armour Shoppe.
   811 | D:2      | Found Qenooll's Distillery.
   836 | D:2      | Found Cozxomud's Antique Armour Shop.
   921 | D:2      | Reached XP level 3. HP: 31/33 MP: 2/2
  1019 | D:2      | Found a faded altar of an unknown god.
  1049 | D:2      | Identified the +0 robe of Bad Feelings {+Inv Int+4 Slay-5}
  1266 | D:2      | Found Dewal's Weapon Boutique.
  1460 | D:3      | Found a transporter.
  1482 | D:3      | Found a transporter.
  1551 | D:3      | Reached XP level 4. HP: 14/38 MP: 3/3
  2022 | D:3      | Noticed Jessica
  2029 | D:3      | Killed Jessica
  2182 | D:3      | Found a bloodstained altar of Trog.
  2257 | D:4      | Reached skill level 1 in Polearms
  2257 | D:4      | Reached XP level 5. HP: 40/47 MP: 4/4
  2419 | D:4      | Found a runed translucent door.
  2424 | D:4      | Noticed zeratav's ghost (amateur OpVM)
  2438 | D:4      | Killed zeratav's ghost
  2439 | D:4      | Reached skill level 5 in Armour
  2439 | D:4      | Reached skill level 1 in Dodging
  2439 | D:4      | Reached XP level 6. HP: 15/53 MP: 5/5
  2944 | D:4      | Reached XP level 7. HP: 29/60 MP: 6/6
  3284 | D:4      | Noticed Sigmund
  3305 | D:4      | Killed Sigmund
  3306 | D:4      | Reached skill level 5 in Fighting
  3306 | D:4      | Reached skill level 5 in Shields
  3690 | D:4      | Reached skill level 1 in Stealth
  3724 | D:4      | Found a basalt altar of Yredelemnul.
  3730 | D:4      | Reached skill level 5 in Polearms
  4117 | D:5      | Entered Level 5 of the Dungeon
  4117 | D:5      | Found a staircase to the Ecumenical Temple.
  4144 | Temple   | Entered the Ecumenical Temple
  4155 | Temple   | Became a worshipper of the Wu Jian Council
  4212 | D:5      | Reached XP level 8. HP: 68/68 MP: 7/7
  4705 | D:5      | Found a blossoming altar of Fedhas.
  4705 | D:5      | Found an ancient bone altar of Kikubaaqudgha.
  4880 | D:5      | Found a burning altar of Makhleb.
  5528 | D:6      | Slain by an orc warrior

Illustrated notes

Levels and vault maps discovered:
D:1:      minmay_arrival_four_houses, layout_basic
D:2:      minmay_angry_zag, layout_rooms, shapermc_ecumenical_altar_venn,
          serial_shops, shop, nicolae_square_shop, shop, nicolae_square_shop
D:3:      gammafunk_steamed_eel, layout_loops_ring,
          lemuel_coloured_pillars_altar, minmay_fractal_squares_gapless_5,
          uniq_jessica
D:4:      layout_loops_ring, lemuel_mausoleum_altar_yredelemnul,
          ebering_ghost_reflecting_pool, kennysheep_small_circle, uniq_sigmund
D:5:      layout_layer_cave, grunt_temple_overflow_growth_and_decay,
          nicolae_overflow_hidden_temple, makhleb_heckhound_becter,
          minmay_temple_entry_drinking_statues
D:6:      layout_cave_pools, jmf_multi_god_temple2,
          dilly_guarded_unrand_devastator
Temple:   hc_temple_tempest_star

Skill      XL: |  1  2  3  4  5  6  7  8 |
---------------+-------------------------+-----
Fighting       | 4 5 |  5.9
Armour         | 4 5 6 7 |  7.0
Maces & Flails | 3 4 |  4.4
Shields        | 4 5 |  5.6
Polearms       | 1 2 3 6 7 |  7.3
Dodging        | 1 2 |  2.5
Stealth        | 1 |  1.0

Action                   |  1- 3 |  4- 6 |  7- 9 || total
-------------------------+-------+-------+-------++-------
Melee: Flail             |   106 |     4 |       ||   110
       Headbutt          |    10 |     9 |    24 ||    43
       Trident           |       |    76 |   137 ||   213
Throw: Dart              |       |       |     1 ||     1
Invok: Lunge             |       |       |     6 ||     6
  Use: Scroll            |     5 |     2 |     1 ||     8
       Potion            |       |     1 |     1 ||     2
Armor: Scale mail        |    83 |    32 |    70 ||   185
Dodge: Dodged            |    71 |    32 |    45 ||   148
Block: Buckler           |    32 |    15 |    23 ||    70

Table legend: (Time is in decaauts)
 A = Elapsed time spent in this place.
 B = Non-inter-level travel time spent in this place.
 C = Inter-level travel time spent in this place.
 D = Time resting spent in this place.
 E = Time spent auto-exploring this place.
 F = Levels seen in this place.
 G = Mean time per level.
                   A        B        C        D        E       F      G
               +--------+--------+--------+--------+--------+-----+--------+
         Total |   5584 |   5423 |    161 |    260 |   3719 |   7 |  797.7 |
       Dungeon |   5561 |   5400 |    161 |    260 |   3719 |   6 |  926.8 |
        Temple |     22 |     22 |      0 |      0 |      0 |   1 |   22.0 |
               +--------+--------+--------+--------+--------+-----+--------+

Top non-repeatable levels by time:
     D:4: 1912 daAuts
     D:5: 1259 daAuts
     D:3: 950 daAuts
     D:1: 811 daAuts
     D:2: 498 daAuts
     D:6: 129 daAuts
  Temple: 22 daAuts
